 Dungeon Crawl Stone Soup version 0.30-a0-613-gdd512c7efb (webtiles) character file.

Game seed: 7246880346678152056

153 Vylera the Grave Robber (level 5, 0/30 (35) HPs)
             Began as a Demonspawn Necromancer on Jan 8, 2023.
             Killed by miscasting Stone Arrow (11 damage)
             ... on level 4 of the Dungeon.
             The game lasted 00:12:14 (3134 turns).

Vylera the Grave Robber (Demonspawn Necromancer)    Turns: 3134, Time: 00:12:14

HP:   0/30 (35)     AC:  4    Str:  9    XL:     5   Next: 12%
MP:   0/9           EV: 13    Int: 22    God:
Gold: 162           SH:  0    Dex: 25    Spells: 3/10 levels left

rFire   . . .      SeeInvis .    s - +0 trident
rCold   . . .      Faith    .    (no shield)
rNeg    . . .      Spirit   .    a - +0 robe
rPois   .          Reflect  .    (no helmet)
rElec   .          Harm     .    (no cloak)
rCorr   .          Rampage  .    t - +1 pair of gloves
Will    .....                    (no boots)
Stlth   +++                      (no amulet)
HPRegen 0.25/turn                e - +6 ring of dexterity
MPRegen 0.11/turn                j - +6 ring of dexterity

@: very slightly contaminated, heavily drained
A: big brain 2, weakness stinger 1
a: no special abilities


You were on level 4 of the Dungeon.
You visited 1 branch of the dungeon, and saw 4 of its levels.

You collected 162 gold pieces.

Inventory:

Hand Weapons
 g - a +0 short sword
 s - a +0 trident (weapon)
Armour
 a - a +0 robe (worn)
 t - a +1 pair of gloves (worn)
Magical Staves
 d - a staff of air
Jewellery
 e - a +6 ring of dexterity (left hand)
 j - a +6 ring of dexterity (right hand)
 k - a +6 ring of strength
 q - a ring of fire
Wands
 u - a wand of polymorph (8)
Scrolls
 c - 3 scrolls of identify {unknown}
 h - a scroll of noise {unknown}
 i - a scroll of immolation {unknown}
 o - 2 scrolls of teleportation {unknown}
 p - a scroll of vulnerability {unknown}
 r - a scroll of magic mapping {unknown}
Potions
 b - a potion of magic
 f - 2 potions of curing {unknown}
 l - 2 potions of heal wounds {unknown}
 m - 2 potions of mutation {unknown}
 n - a potion of degeneration {unknown}


   Skills:
 - Level 0.1 Short Blades
 - Level 1.7 Dodging
 - Level 1.7 Stealth
 + Level 3.0 Spellcasting
 * Level 6.2 Necromancy
 + Level 1.0 Earth Magic


You had 3 spell levels left.
You knew the following spells:

 Your Spells              Type           Power      Damage    Failure   Level
a - Necrotise             Necr           100%       1d9       1%          1
b - Vampiric Draining     Necr           30%        2d8       2%          3
c - Stone Arrow           Conj/Erth      10%        3d7       30%         3

Your spell library contained the following spells:

 Spells                   Type           Power      Damage    Failure   Level
 Sandblast                Erth           14%        2d6       9%          1
 Passwall                 Tmut/Erth      4%         N/A       16%         2
 Animate Dead             Necr           30%        N/A       10%         4
 Agony                    Necr           30%        N/A       26%         5


Dungeon Overview and Level Annotations

Branches:
Dungeon (4/15)
 Temple: D:4-7

Altars:


Innate Abilities, Weirdness & Mutations

You have an extremely huge brain. (Int +4)
You have a small tail.


Message History

The necrophage is moderately damaged.
The necrophage hits you.
You feel drained.
You barely miss the necrophage.
The necrophage is moderately damaged.
The necrophage barely misses you.
You hit the necrophage.
The necrophage is moderately damaged.
The necrophage hits you.
You feel drained. The necrophage hits you.
You feel drained.
Casting: Necrotise (safe; 1% risk of failure)
Confirm with . or Enter, or press ? or * to list all spells.
The spell is quite dangerous to miscast (30% risk of failure)!
Continue anyway?
Aiming: Stone Arrow (quite dangerous; 30% risk of failure)
Press: ? - help, Shift-Dir - straight line, f/p - necrophage
Aim: a necrophage (moderately damaged, 64% to hit)
The stone arrow hits the necrophage!
The necrophage is severely damaged.
The necrophage hits you!
You feel drained.
Unknown command.
Casting: Stone Arrow (quite dangerous; 30% risk of failure)
Confirm with . or Enter, or press ? or * to list all spells.
The spell is quite dangerous to miscast (30% risk of failure)!
Continue anyway? [Y]es or [N]o only, please.
The spell is quite dangerous to miscast (30% risk of failure)!
Continue anyway?
Aiming: Stone Arrow (quite dangerous; 30% risk of failure)
Press: ? - help, Shift-Dir - straight line, f/p - necrophage
Aim: a necrophage (severely damaged, 64% to hit)
The stone arrow misses the necrophage.
The necrophage closely misses you.
Casting: Stone Arrow (quite dangerous; 30% risk of failure)
Confirm with . or Enter, or press ? or * to list all spells.
The spell is quite dangerous to miscast (30% risk of failure)!
Continue anyway? [Y]es or [N]o only, please.
The spell is quite dangerous to miscast (30% risk of failure)!
Continue anyway?
Aiming: Stone Arrow (quite dangerous; 30% risk of failure)
Press: ? - help, Shift-Dir - straight line, f/p - necrophage
Aim: a necrophage (severely damaged, 64% to hit)
You miscast Stone Arrow.
You are very lightly contaminated with residual magic.
Sparks fly from your hands!
You die...

#####################
+....#...............
#....'..............)
###..####...##..##...
#..#########..##...
#.@...# #...#†..
#.n...+ #...#...
##..### #.###'## #..#
###+###.## ...#
#......... ...#
#......... ...#
+......... ....#
#......... ##..##....


You could see a necrophage.

Vanquished Creatures
  Jessica (D:3)
  Terence (D:2)
  3 adders
  4 dart slugs
  6 endoplasms
  3 giant cockroaches
  7 goblins
  4 hobgoblins
  2 jackals (D:2)
  5 kobolds
  2 quokkas
  6 ball pythons
  5 bats
  6 frilled lizards
  5 rats
60 creatures vanquished.

Vanquished Creatures (collateral kills)
  A ball python (D:2)
  2 goblins
  A frilled lizard (D:2)
  2 kobolds
6 creatures vanquished.

Vanquished Creatures (others)
  5 plants (D:2)
5 creatures vanquished.

Grand Total: 71 creatures vanquished

Notes
Turn   | Place    | Note
-------+----------+-------------------------------------------
     0 | D:1      | Vylera the Demonspawn Necromancer began the quest for the
                  | Orb.
     0 | D:1      | Reached XP level 1. HP: 13/13 MP: 3/3
   280 | D:1      | Gained mutation: You have a small tail. [demonic ancestry]
   280 | D:1      | Reached XP level 2. HP: 13/19 MP: 0/5
   380 | D:1      | Reached skill level 5 in Necromancy
   671 | D:1      | Gained mutation: You have an unusually large brain. (Int
                  | +2) [demonic ancestry]
   671 | D:1      | Reached XP level 3. HP: 24/24 MP: 2/6
  1070 | D:2      | Learned a level 3 spell: Vampiric Draining
  1572 | D:2      | Noticed Terence
  1586 | D:2      | Killed Terence
  1587 | D:2      | Gained mutation: You have an extremely huge brain. (Int +4)
                  | [demonic ancestry]
  1587 | D:2      | Reached XP level 4. HP: 27/30 MP: 0/8
  1592 | D:2      | Learned a level 3 spell: Stone Arrow
  2106 | D:3      | Noticed Jessica
  2111 | D:3      | Killed Jessica
  2112 | D:3      | Reached skill level 6 in Necromancy
  2582 | D:3      | Noticed an ice beast
  2685 | D:3      | Reached XP level 5. HP: 35/35 MP: 9/9
  3072 | D:4      | Reached skill level 1 in Earth Magic
  3134 | D:4      | Killed by miscasting Stone Arrow

Illustrated notes

Levels and vault maps discovered:
D:1:      dpeg_arrival_another_circle, layout_rooms, grunt_decor_mini_mirrors
D:2:      layout_loops_ring, serial_forest, infiniplex_forest_pool,
          infiniplex_forest_lined_3, infiniplex_forest_split,
          infiniplex_forest_clump_medium, infiniplex_forest_end_2, st_stairs_3,
          uniq_terence
D:3:      layout_basic, guppyfry_early_lair_pool, uniq_jessica
D:4:      layout_gridville, lemuel_crystal_altar, nicolae_stop_n_shop_1,
          nicolae_shop_vocational, uniq_menkaure, uniq_grinder

Skill      XL: |  1  2  3  4  5 |
---------------+----------------+-----
Necromancy     | 5 6 |  6.2
Spellcasting   | 3 |  3.0
Earth Magic    | 1 |  1.0
Short Blades   | |  0.1
Dodging        | |  1.7
Stealth        | |  1.7

Action                   |  1- 3 |  4- 6 || total
-------------------------+-------+-------++-------
Melee: Dagger            |    13 |       ||    13
       Short sword       |    13 |    13 ||    26
       Tailslap          |     3 |     2 ||     5
       Punch             |     1 |     1 ||     2
       Trident           |       |     5 ||     5
 Cast: Necrotise         |    69 |    24 ||    93
       Vampiric Draining |     1 |       ||     1
       Stone Arrow       |       |     2 ||     2
 Stab: Sleeping          |     1 |     4 ||     5
Armor: Robe              |     8 |       ||     8
Dodge: Dodged            |    28 |    16 ||    44

Table legend: (Time is in decaauts)
 A = Elapsed time spent in this place.
 B = Non-inter-level travel time spent in this place.
 C = Inter-level travel time spent in this place.
 D = Time resting spent in this place.
 E = Time spent auto-exploring this place.
 F = Levels seen in this place.
 G = Mean time per level.
                   A        B        C        D        E       F      G
               +--------+--------+--------+--------+--------+-----+--------+
         Total |   3136 |   3087 |     49 |      0 |   2558 |   4 |  784.0 |
       Dungeon |   3136 |   3087 |     49 |      0 |   2558 |   4 |  784.0 |
               +--------+--------+--------+--------+--------+-----+--------+

Top non-repeatable levels by time:
     D:2: 1103 daAuts
     D:1: 1008 daAuts
     D:3: 892 daAuts
     D:4: 131 daAuts
